 Dungeon Crawl Stone Soup version 0.25.1-2-g60ff931df9 (webtiles) character file.

Game seed: 3496680717025490358

97763 hawla the Bludgeoner (level 15, -1/139 HPs)
             Began as a Minotaur Berserker on Oct 29, 2020.
             Was a High Priest of Trog.
             Slain by Saint Roka
             ... wielding a +0 battleaxe
              (20 damage)
             ... on level 2 of the Orcish Mines.
             The game lasted 01:29:48 (32892 turns).

hawla the Bludgeoner (Minotaur Berserker)          Turns: 32892, Time: 01:29:49

Health: -1/139     AC: 16    Str: 26    XL:     15   Next: 73%
Magic:  5/5        EV: 22    Int:  6    God:    Trog [*****.]
Gold:   507        SH:  5    Dex: 12    Spells: 14/14 levels left

rFire    + . .     SeeInvis +   D - +7 morningstar of the Rattlesnake {antimagic, rN+ SInv}
rCold    . . .     Gourm    .   (no shield)
rNeg     + . .     Faith    .   F - +2 robe {rF+}
rPois    +         Spirit   .   (helmet restricted)
rElec    .         Reflect  +   B - +2 cloak {rCorr}
rCorr    +         Harm     .   U - +1 pair of gloves
MR       +....                  C - +0 pair of boots
Stlth    +.........             d - amulet of reflection
HPRegen  0.33/turn              e - ring of poison resistance
MPRegen  0.09/turn              i - +4 ring of evasion

@: silence
A: retaliatory headbutt, horns 2, iridescent scales 1, blurry vision 1, clever
1, shaggy fur 1
a: Renounce Religion


You were on level 2 of the Orcish Mines.
You worshipped Trog.
Trog was extremely pleased with you.
You were not hungry.

You visited 4 branches of the dungeon, and saw 24 of its levels.
You also visited: Ossuary and Bailey.

You collected 3086 gold pieces.
You spent 2579 gold pieces at shops.

Inventory:

Hand Weapons
 k - a +6 quick blade of flaming
 D - the +7 morningstar of the Rattlesnake (weapon) {antimagic, rN+ SInv}
   (You found it on level 5 of the Dungeon)

   It reduces the magical energy of the wielder, and disrupts the spells and
   magical abilities of those hit.
   Natural abilities and divine invocations are not affected.
   It protects you from negative energy.
   It lets you see invisible.
 K - a +6 scimitar of flaming
Missiles
 f - 63 boomerangs
 O - 2 silver boomerangs
 S - 36 poisoned darts (quivered)
Armour
 a - a +5 crystal plate armour
 r - +2 storm dragon scales
 B - a +2 cloak of preservation (worn)
 C - a +0 pair of boots (worn)
 E - a +2 robe of positive energy
 F - a +2 robe of fire resistance (worn)
 U - a +1 pair of gloves (worn)
Jewellery
 d - an amulet of reflection (around neck)
 e - a ring of poison resistance (left hand)
 i - a +4 ring of evasion (right hand)
 R - a +6 ring of dexterity
Wands
 h - a wand of digging (6)
 j - a wand of flame (107)
 n - a wand of enslavement (18)
 u - a wand of iceblast (23)
 w - a wand of paralysis (15)
 M - a wand of acid (9)
Scrolls
 l - a scroll of blinking
 s - 7 scrolls of teleportation
 y - 5 scrolls of enchant armour
 z - 7 scrolls of remove curse
 H - 2 scrolls of identify
 I - a scroll of fog
 L - 3 scrolls of magic mapping
 Q - 2 scrolls of enchant weapon
 W - a scroll of fear
Potions
 g - 6 potions of might
 m - 3 potions of haste
 o - 3 potions of cancellation
 t - 4 potions of flight
 x - 12 potions of curing
Miscellaneous
 v - a phial of floods
 A - a lightning rod (4/4)
 Y - a phantom mirror
Comestibles
 b - 7 chunks of flesh
 c - 35 rations


   Skills:
 + Level 14.5 Fighting
 + Level 8.6(10.4) Short Blades
 + Level 10.2(11.6) Long Blades
 + Level 15.9 Maces & Flails
   Level 0.2(10.7) Staves
 + Level 5.7 Throwing
 * Level 15.8 Armour
 + Level 10.9 Dodging
 - Level 2.3 Stealth
 + Level 3.2 Evocations


You had 14 spell levels left.
You didn't know any spells.
Your spell library was empty.

Dungeon Overview and Level Annotations

Branches:
Dungeon (15/15)            Temple (1/1) D:4            Lair (6/6) D:9
 Shoals (0/4) Lair:4        Snake (0/4) Lair:3        Slime (0/5) Lair:5
    Orc (2/2) D:11         Vaults (0/5) D:14         Depths (0/5) D:15
Ossuary (visited)          Bailey (visited)
    Elf: Orc:2

Altars:
Ashenzari
Cheibriados
Dithmenos
Elyvilon
Fedhas
Gozag
Hepliaklqana
Kikubaaqudgha
Makhleb
Nemelex Xobeh
Okawaru
Qazlal
Ru
Sif Muna
Trog
Uskayaw
Vehumet
Wu Jian
Xom
Yredelemnul
Zin
The Shining One
Beogh

Shops:
D:4 =   D:7 [*   D:13 }

Portals:
Gauntlet: Orc:2

Annotations:
D:9 1 runed translucent door, Veogap's ghost, novice TrBe
Orc:2 Saint Roka


Innate Abilities, Weirdness & Mutations

You reflexively headbutt those who attack you in melee.
You have a pair of horns on your head.
You are partially covered in iridescent scales. (AC +2)
Scrolls take you a little longer to read.
Your mind is acute. (Int +2)
You are covered in fur. (AC +1)


Message History

Saint Roka is lightly wounded.
The orc completely misses you. Saint Roka closely misses you.
The orc warrior closely misses you.
You puncture Saint Roka! You headbutt Saint Roka!
Saint Roka is moderately wounded.
The orc warrior hits you with a cursed +0 war axe!
* * * LOW HITPOINT WARNING * * *
The orc barely misses you.
The orc warrior hits you with a +0 battleaxe.
* * * LOW HITPOINT WARNING * * *
The orc no longer looks unusually strong.
The orc warrior throws a boomerang.
The boomerang misses you.
The weapon returns to the orc warrior!
There is a stone staircase leading up here.
The orc warrior no longer looks unusually strong.
The orc warrior misses you. You furiously retaliate!
You headbutt the orc warrior. The orc barely misses you.
You furiously retaliate!
You headbutt the orc.
Saint Roka hits you with a +0 battleaxe!!
You die...

.... ..... ..
..... .... ..
..#..##.^. .#
......#.. ..
......... .##
........## ..#
.........###..##
.......$..o@...#
#........ooo..##
.........o.####
...#..†..o..##
......)∩.....#
.......)....##
.###.#.#..###
.....$...#
.............


You could see Saint Roka, 3 orc warriors and 2 orcs.

Vanquished Creatures
  Nessos (Lair:5)
  9 hydras
  8 vault guards (D:14)
  An ice dragon (Lair:6)
  4 catoblepae
  3 centaur warriors
  A death knight (D:15)
  A death yak (Lair:6)
  5 two-headed ogres
  A sea snake (D:10)
  3 unseen horrors
  A lindwurm (Lair:6)
  A wolf spider zombie (D:15)
  An orc sorcerer (Orc:1)
  4 ugly things
  10 slime creatures (D:15)
  4 centaur zombies
  2 merfolk sirens (Lair:4)
  Psyche (D:10)
  10 elephants
  Maurice (D:10)
  4 black mambas
  2 gargoyles
  6 spiny frogs
  A freezing wraith (D:14)
  6 torpor snails
  5 komodo dragons
  A rime drake (Lair:4)
  2 efreet (D:15)
  2 tengu conjurers (D:14)
  9 polar bears (Lair:6)
  2 merfolk (Lair:4)
  3 trolls
  9 hornets
  2 harpy skeletons (D:15)
  A queen bee (shapeshifter) (D:15)
  2 raiju (Lair:6)
  3 blink frogs (Lair:5)
  4 tyrant leeches (Lair:6)
  3 snapping turtles (D:10)
  6 hippogriffs
  6 dream sheep
  Sigmund (D:5)
  A wyvern (Lair:6)
  A shadow (D:13)
  2 water elementals (D:14)
  A wraith (D:12)
  4 basilisks
  2 vampire mosquitoes
  A steam dragon (D:14)
  2 humans (D:7)
  A hungry ghost (D:4)
  46 yaks
  Menkaure (D:5)
  2 acid dragons
  A soldier ant (D:13)
  14 wargs
  13 hell hounds (Lair:6)
  20 water moccasins
  7 porcupines
  A hornet zombie (D:7)
  A black bear (shapeshifter) (D:15)
  An ice beast (D:13)
  12 black bears
  21 orc warriors
  8 necrophages
  3 ogres
  8 sky beasts
  2 phantoms
  24 wolves
  12 centaurs
  A boggart (D:15)
  16 crocodiles
  5 big kobolds
  2 gnoll sergeants
  Blork the orc (D:4)
  13 bullfrogs
  A wyvern skeleton (D:11)
  6 scorpions
  18 killer bees
  14 wights
  6 howler monkeys
  An electric eel (D:8)
  7 crimson imps
  4 jellies
  A quasit (D:6)
  4 bullfrog zombies
  8 hounds
  10 orc priests
  Ijyb (D:4)
  6 iguanas
  18 orc wizards
  7 worker ants
  2 hound skeletons (D:9)
  4 mummies (Ossuary)
  A worker ant zombie (D:7)
  10 gnolls
  16 adders
  6 shadow imps
  3 oozes
  An adder skeleton (D:5)
  A worm (D:3)
  A dart slug (D:2)
  8 leopard geckos
  72 orcs
  3 ball pythons
  2 giant cockroaches
  5 gnoll zombies (Ossuary)
  11 goblins
  9 hobgoblins
  3 jackals (D:3)
  23 kobolds
  4 quokkas
  5 bats
  2 frilled lizards
  7 gnoll skeletons (Ossuary)
  4 goblin skeletons (Ossuary)
  4 goblin zombies (Ossuary)
  3 hobgoblin skeletons (Ossuary)
  4 hobgoblin zombies (Ossuary)
  A jackal skeleton (D:7)
  4 kobold skeletons (Ossuary)
  4 kobold zombies (Ossuary)
  3 orc skeletons (Ossuary)
  5 orc zombies (Ossuary)
  A quokka zombie (D:5)
  9 rats
  4 rat skeletons (Ossuary)
  4 rat zombies
  A plant (Lair:6)
764 creatures vanquished.

Vanquished Creatures (collateral kills)
  An orc warlord (Bailey)
  A death knight (D:12)
  2 tengu warriors (D:15)
  A skeletal warrior (D:12)
  A centaur skeleton (D:12)
  A water nymph (shapeshifter) (D:15)
  A freezing wraith (D:12)
  An efreet (D:15)
  A tengu conjurer (D:15)
  8 slime creatures (D:15)
  A sky beast (shapeshifter) (D:15)
  2 boggarts (D:15)
21 creatures vanquished.

Vanquished Creatures (others)
  2 gnolls (D:8)
  An orc (D:3)
  8 fungi
  14 plants
25 creatures vanquished.

Grand Total: 810 creatures vanquished

Notes
Turn   | Place    | Note
-------+----------+-------------------------------------------
     0 | D:1      | hawla the Minotaur Berserker began the quest for the Orb.
     0 | D:1      | Reached XP level 1. HP: 19/19 MP: 0/0
   705 | D:1      | Reached XP level 2. HP: 27/27 MP: 1/1
  1488 | D:2      | Noticed a +0 dagger
  1489 | D:2      | Noticed a +0 hand axe
  1491 | D:2      | Found a hide-covered altar of Uskayaw.
  1493 | D:2      | Reached XP level 3. HP: 31/33 MP: 2/2
  1666 | D:2      | Found an opulent altar of Gozag.
  2228 | D:3      | Found a glowing drain.
  2277 | D:3      | Reached XP level 4. HP: 41/41 MP: 3/3
  2475 | D:3      | Reached ** piety under Trog
  2946 | D:3      | Reached skill level 5 in Fighting
  2946 | D:3      | Reached XP level 5. HP: 12/48 MP: 4/4
  3158 | D:3      | Noticed an orc warrior
  3171 | D:3      | Killed an orc warrior
  3171 | D:3      | Reached skill level 5 in Long Blades
  3673 | D:4      | Noticed a phantom
  3686 | D:4      | Killed a phantom
  3686 | D:4      | Reached XP level 6. HP: 46/56 MP: 5/5
  3824 | D:4      | Noticed a hungry ghost
  3852 | D:4      | Killed a hungry ghost
  3852 | D:4      | Reached skill level 5 in Dodging
  3996 | D:4      | Found a staircase to the Ecumenical Temple.
  4023 | Temple   | Entered the Ecumenical Temple
  4438 | D:4      | Reached XP level 7. HP: 54/62 MP: 6/6
  4538 | D:4      | Noticed Ijyb
  4554 | D:4      | Killed Ijyb
  4596 | D:4      | Found a hazy altar of Hepliaklqana.
  4596 | D:4      | Found a basalt altar of Yredelemnul.
  4757 | D:4      | Found Udirhi's Jewellery Boutique.
  4765 | D:4      | Bought a cursed ring of teleportation for 45 gold pieces
  5128 | D:4      | Noticed Blork the orc
  5140 | D:4      | Killed Blork the orc
  5482 | D:5      | Entered Level 5 of the Dungeon
  5587 | D:5      | Found a sand-covered staircase.
  5607 | Ossuary  | Entered an ossuary
  5644 | Ossuary  | Reached *** piety under Trog
  5904 | Ossuary  | Reached **** piety under Trog
  6089 | D:5      | Noticed Menkaure
  6097 | D:5      | Killed Menkaure
  6097 | D:5      | Reached XP level 8. HP: 70/70 MP: 7/7
  6203 | D:5      | Got a crude morningstar
  6204 | D:5      | Identified the +7 morningstar of the Rattlesnake
                  | {antimagic, rN+ SInv} (You found it on level 5 of the
                  | Dungeon)
  6357 | D:5      | Reached skill level 1 in Stealth
  6523 | D:5      | Noticed Sigmund
  6530 | D:5      | Killed Sigmund
  6530 | D:5      | Reached skill level 1 in Maces & Flails
  7606 | D:6      | Found a shimmering altar of Xom.
  7824 | D:6      | Reached XP level 9. HP: 79/79 MP: 2/8
  8198 | D:6      | Reached skill level 5 in Maces & Flails
  8302 | D:6      | Reached ***** piety under Trog
  8776 | D:7      | Found an iron altar of Okawaru.
  8824 | D:7      | Found Itiffeo's Antique Armour Shoppe.
  8828 | D:7      | Bought an opalescent robe for 131 gold pieces
  8828 | D:7      | Bought an obsidian-encrusted chain mail for 218 gold pieces
  8848 | D:7      | Identified the cursed +0 robe of Experimentation {Str+2}
                  | (You bought it in a shop on level 7 of the Dungeon)
  8859 | D:7      | Identified the +6 chain mail "Nyel" {*Slow rElec Int+5
                  | Slay+2} (You bought it in a shop on level 7 of the Dungeon)
  8980 | D:7      | Found Lirr's Assorted Antiques.
  9087 | D:7      | Found a bloodstained altar of Trog.
  9155 | D:7      | Reached skill level 1 in Throwing
  9842 | D:8      | Found a snail-covered altar of Cheibriados.
 10157 | D:8      | Found a bloodstained altar of Trog.
 10160 | D:8      | Noticed a two-headed ogre
 10174 | D:8      | Killed a two-headed ogre
 10174 | D:8      | Reached XP level 10. HP: 90/90 MP: 3/9
 10465 | D:7      | Bought a pair of gloves for 103 gold pieces
 10540 | D:9      | Noticed a two-headed ogre
 10650 | D:9      | Found a flagged portal.
 10664 | Bailey   | Entered a bailey
 10837 | Bailey   | Noticed an orc warlord
 10900 | Bailey   | Found a runed translucent gate.
 10900 | Bailey   | Found a runed translucent gate.
 10900 | Bailey   | Found a runed translucent gate.
 11153 | Bailey   | Killed an orc warlord
 11153 | Bailey   | Reached skill level 5 in Armour
 11352 | D:9      | Found a glowing silver altar of Zin.
 11694 | D:9      | Noticed a three-headed hydra
 11699 | D:9      | Killed a three-headed hydra
 11699 | D:9      | Reached skill level 5 in Throwing
 11836 | D:9      | Found a stormy altar of Qazlal.
 11949 | D:9      | Reached skill level 10 in Maces & Flails
 11953 | D:9      | Reached XP level 11. HP: 97/97 MP: 3/10
 11958 | D:9      | Found a staircase to the Lair.
 12040 | D:9      | Found a runed translucent door.
 12040 | D:9      | Noticed Veogap's ghost (novice TrBe)
 12433 | D:10     | Entered Level 10 of the Dungeon
 12433 | D:10     | Noticed Maurice
 12438 | D:10     | Killed Maurice
 12439 | D:10     | Reached skill level 1 in Evocations
 12709 | D:10     | Noticed a sea snake
 12767 | D:10     | Noticed Psyche
 12774 | D:10     | Killed Psyche
 12898 | D:10     | Received a gift from Trog
 13043 | D:10     | Noticed an unseen horror
 13050 | D:10     | Killed an unseen horror
 13083 | D:10     | Noticed a sea snake
 13344 | D:10     | Noticed a sea snake
 13649 | D:11     | Identified a scroll of acquirement
 13649 | D:11     | Acquired a +2 crystal plate armour
 13810 | D:11     | Found a staircase to the Orcish Mines.
 13816 | D:11     | Reached skill level 10 in Dodging
 14219 | D:11     | Got an ichor-stained rapier
 14220 | D:11     | Identified the +7 rapier "Jeqoomyfo" {freeze, Int+2} (You
                  | found it on level 11 of the Dungeon)
 14436 | D:11     | Reached skill level 1 in Short Blades
 14575 | D:11     | Noticed a two-headed ogre
 14583 | D:11     | Killed a two-headed ogre
 14940 | D:11     | Noticed a brown ugly thing
 14950 | D:11     | Killed a brown ugly thing
 15063 | D:10     | Reached skill level 10 in Fighting
 15079 | D:10     | Killed a sea snake
 15368 | D:9      | Killed a two-headed ogre
 15691 | Temple   | Reached skill level 10 in Armour
 15691 | Temple   | Reached XP level 12. HP: 108/108 MP: 3/13
 15732 | D:4      | Bought an uncursed amulet of reflection for 300 gold pieces
 15938 | D:12     | Reached XP level 13. HP: 107/116 MP: 4/14
 17069 | D:13     | Found Veagail's Gadget Emporium.
 17406 | D:13     | Received a gift from Trog
 17407 | D:13     | Got a shimmering great mace {god gift}
 17415 | D:13     | Identified the +3 great mace of Haisul {flame, +Inv MR+
                  | Int+4 Stlth-} (Trog gifted it to you on level 13 of the
                  | Dungeon)
 18649 | D:14     | Found a snail-covered altar of Cheibriados.
 19594 | D:14     | Received a gift from Trog
 19677 | D:14     | Found a gate to the Vaults.
 20579 | D:14     | Reached XP level 14. HP: 116/127 MP: 5/15
 20718 | D:15     | Entered Level 15 of the Dungeon
 21091 | D:15     | Reached skill level 15 in Maces & Flails
 22569 | D:15     | Found a staircase to the Depths.
 22838 | D:7      | Bought a pink potion for 20 gold pieces
 22838 | D:7      | Bought a sharpened lead wand for 92 gold pieces
 23095 | Lair:1   | Entered Level 1 of the Lair of Beasts
 23979 | Lair:2   | Received a gift from Trog
 25589 | Lair:3   | Found a staircase to the Snake Pit.
 25677 | Lair:3   | Reached skill level 5 in Short Blades
 26338 | Lair:4   | Acquired 530 gold pieces
 26497 | Lair:4   | Found a staircase to the Shoals.
 27600 | Lair:5   | Noticed Nessos
 27613 | Lair:5   | Killed Nessos
 27904 | Lair:5   | Reached XP level 15. HP: 136/136 MP: 16/16
 28092 | Lair:5   | Found a staircase to the Slime Pits.
 28636 | Lair:6   | Entered Level 6 of the Lair of Beasts
 28660 | Lair:6   | Received a gift from Trog
 29432 | Lair:6   | Found a runed translucent door.
 29931 | Lair:6   | Reached skill level 15 in Armour
 30596 | Lair:6   | Received a gift from Trog
 30839 | Lair:6   | Reached skill level 10 in Long Blades
 31255 | Lair:6   | Gained mutation: Potions are less effective at restoring
                  | your health. [potion of mutation]
 31255 | Lair:6   | Gained mutation: You are partially covered in iridescent
                  | scales. (AC +2) [potion of mutation]
 31255 | Lair:6   | Gained mutation: You are resistant to hostile enchantments.
                  | (MR+) [potion of mutation]
 31721 | D:13     | Bought a lightning rod (4/4) for 520 gold pieces
 31721 | D:13     | Bought a phantom mirror for 390 gold pieces
 31721 | D:13     | Bought a wand of flame (13) for 97 gold pieces
 31721 | D:13     | Bought a wand of paralysis (4) for 78 gold pieces
 31721 | D:13     | Bought a wand of iceblast (7) for 143 gold pieces
 31721 | D:13     | Bought a wand of digging (4) for 208 gold pieces
 31721 | D:13     | Bought a wand of paralysis (6) for 104 gold pieces
 31721 | D:13     | Bought a wand of iceblast (6) for 130 gold pieces
 32077 | Temple   | Lost mutation: Potions are less effective at restoring your
                  | health. [potion of mutation]
 32077 | Temple   | Lost mutation: You are resistant to hostile enchantments.
                  | (MR+) [potion of mutation]
 32077 | Temple   | Gained mutation: Scrolls take you a little longer to read.
                  | [potion of mutation]
 32077 | Temple   | Gained mutation: Your mind is acute. (Int +2) [potion of
                  | mutation]
 32077 | Temple   | Gained mutation: You are covered in fur. (AC +1) [potion of
                  | mutation]
 32268 | Orc:1    | Entered Level 1 of the Orcish Mines
 32571 | Orc:1    | Found a roughly hewn altar of Beogh.
 32629 | Orc:1    | Found a roughly hewn altar of Beogh.
 32853 | Orc:2    | Entered Level 2 of the Orcish Mines
 32853 | Orc:2    | Found a gate leading to a gauntlet.
 32862 | Orc:2    | Noticed Saint Roka
 32892 | Orc:2    | Slain by Saint Roka

Illustrated notes

Levels and vault maps discovered:
D:1:      minmay_arrival_doors, layout_basic
D:2:      layout_rooms, dancing_weapons_uskayaw, grunt_gozag_statues,
          serial_aquarium, aquarium_bridge_square [aquarium_subvault_bridge,
          aquarium_subvault_bridge, aquarium_subvault_bridge,
          aquarium_subvault_bridge], aquarium_window_double, aquarium_window_1,
          aquarium_window_1, aquarium_window_fake, aquarium_view_2d,
          aquarium_view_4
D:3:      layout_loops_corners, first_ration, portal_sewer_entry_d
D:4:      layout_basic, amethyst_overflow_temple_binary,
          minmay_temple_entry_statues_fountains, serial_glass, glass_columns_c,
          glass_columns_c, serial_shops, shop, uniq_ijyb, uniq_blork_the_orc
D:5:      layout_basic, enter_ossuary_4, uniq_menkaure, uniq_sigmund
D:6:      kennysheep_spiral_hall, layout_cave_pools, serial_park,
          serial_park_tiny_2, serial_park_tiny_pond, serial_park_tiny_2,
          serial_park_tiny_pond, tgw_xom
D:7:      layout_basic, okawaru_humans, serial_shops,
          nicolae_shop_overgrown_old_shop, shop, bloody_trog
D:8:      layout_basic, overflow_temple_1_default, cheibriados_altar_1
D:9:      layout_stronghold, nicolae_qazlal_style_of_elements, zin_treasury,
          minmay_lair_entry_grove, enter_bailey_3, gammafunk_ghost_grave,
          hangedman_ranch [blue_anna_fruit_fields]
D:10:     layout_rooms, serial_aquarium, aquarium_bridge_straight
          [aquarium_subvault_bridge, aquarium_subvault_window,
          aquarium_subvault_bridge, aquarium_subvault_wall],
          aquarium_bridge_square [aquarium_subvault_bridge,
          aquarium_subvault_window, aquarium_subvault_wall,
          aquarium_subvault_wall], aquarium_window_double, aquarium_window_fake,
          aquarium_window_corridor_1, aquarium_view_2f, aquarium_view_2e,
          aquarium_balcony_double_4, uniq_maurice, uniq_psyche
D:11:     layout_irregular_city, minmay_orc_entry_guard_dogs, kennysheep_nub,
          minmay_variable_closet, chequers_avenue
D:12:     layout_irregular_city, corexii_hall_statues_deadend
D:13:     layout_grid_maze, serial_shops, kennysheep_mini, st_stairs_3
D:14:     layout_small_grid, erik_vaults_2, special_room [special_room_orc],
          kennysheep_flooded_box
D:15:     gammafunk_enter_depths_forms, layout_basic, abandoned_shop,
          hex_intersection
Temple:   minmay_temple_forest_path
Lair:1:   layout_gridlike
Lair:2:   layout_layer_cave, beast_lair_carwin_11, grunt_megastairs_3,
          lemuel_fruit_tree
Lair:3:   layout_long_grid, minmay_snake_entry_six_corridors, minivault_19
Lair:4:   layout_hall_layers, elwin_shoals_entry_stream
Lair:5:   layout_regular_city, slime_dummy, roderic_carrion_pond, uniq_nessos
Lair:6:   hangedman_lair_caniforms_friends, layout_hall_layers, wormcave,
          nicolae_lair_yak_garden
Orc:1:    layout_diamond_mine, basic_altar, mines1_david
Orc:2:    st_orc_congregation, layout_caves, gauntlet_entry_generic,
          enter_volcano_3, guppyfry_library_mini, uniq_saint_roka

Skill      XL: |  1  2  3  4  5  6  7  8  9 10 11 12 13 14 15 |
---------------+----------------------------------------------+-----
Fighting       | 4 5 6 7 8 9 10 11 12 13 14 | 14.5
Long Blades    | 4 5 6 8 9 10 | 10.2
Dodging        | 3 4 5 6 7 8 9 10 | 10.9
Armour         | 3 4 5 10 12 14 15 | 15.8
Stealth        | 1 2 |  2.3
Maces & Flails | 4 8 10 11 14 15 | 15.9
Throwing       | 2 5 |  5.7
Evocations     | 3 |  3.2
Short Blades   | 3 6 8 |  8.6
Staves         | |  0.2

Action                   |  1- 3 |  4- 6 |  7- 9 | 10-12 | 13-15 || total
-------------------------+-------+-------+-------+-------+-------++-------
Melee: Falchion          |    64 |   114 |   143 |       |       ||   321
       Headbutt          |    13 |    13 |    67 |    75 |   535 ||   703
       Dagger            |     4 |       |       |       |       ||     4
       Rapier            |       |       |     4 |    57 |       ||    61
       Morningstar       |       |       |   197 |   282 |   474 ||   953
       Great mace        |       |       |       |       |   134 ||   134
       Lajatang          |       |       |       |       |    12 ||    12
       Quick blade       |       |       |       |       |  1132 ||  1132
       Scimitar          |       |       |       |       |   103 ||   103
Throw: Boomerang         |       |       |    24 |    47 |    10 ||    81
       Javelin           |       |       |       |       |     3 ||     3
       Dart              |       |       |       |       |    14 ||    14
Invok: Brothers in Arms  |       |       |       |     2 |     9 ||    11
       Trog's Hand       |       |       |       |     1 |     2 ||     3
Evoke: Wand              |       |       |     7 |     5 |     1 ||    13
  Use: Potion            |     1 |     1 |       |     8 |     7 ||    17
       Scroll            |     7 |     2 |    18 |    11 |    15 ||    53
 Stab: Sleeping          |       |     1 |     3 |     2 |     1 ||     7
       Petrified         |       |       |       |       |     4 ||     4
       Distracted        |       |       |       |       |     1 ||     1
  Eat: Chunk             |     4 |     6 |    15 |    12 |    35 ||    72
       Ration            |       |     1 |     1 |     3 |     6 ||    11
Armor: Animal skin       |    11 |     4 |     1 |       |       ||    16
       Robe              |       |       |    29 |    16 |    30 ||    75
       Ring mail         |       |       |     2 |       |       ||     2
       Chain mail        |       |       |    44 |    55 |       ||    99
       Storm dragon scal |       |       |       |    16 |       ||    16
       Crystal plate arm |       |       |       |   107 |   900 ||  1007
Dodge: Dodged            |    46 |    91 |   273 |   337 |   759 ||  1506
Block: Other             |       |       |       |     5 |   294 ||   299
       Reflection        |       |       |       |       |    11 ||    11
       Rpst.: Falchion   |    14 |    22 |    28 |       |       ||    64
       Scimitar          |       |       |       |       |     8 ||     8
